 Dungeon Crawl Stone Soup version 0.30-a0-583-g19bae12e61 (webtiles) character file.

Game seed: 18212654050627113196

212 Citaku the Covered (level 6, 0/46 (48) HPs)
             Began as a Human Fighter on Jan 1, 2023.
             Slain by Crazy Yiuf
             ... wielding a +4 quarterstaff of chaos
              (3 damage)
             ... on level 2 of the Dungeon.
             The game lasted 00:05:53 (1379 turns).

Citaku the Covered (Human Fighter)                  Turns: 1379, Time: 00:05:54

HP:   0/46 (48)     AC:  9    Str: 18    XL:     6   Next: 13%
MP:   6/6           EV:  7    Int:  8    God:
Gold: 100           SH:  0    Dex: 13    Spells: 5/5 levels left

rFire   . . .      SeeInvis .    f - +0 scythe
rCold   . . .      Faith    .    (shield currently unavailable)
rNeg    . . .      Spirit   .    c - +0 chain mail
rPois   .          Reflect  .    (no helmet)
rElec   .          Harm     .    (no cloak)
rCorr   .          Rampage  .    (no gloves)
Will    .....                    (no boots) Stlth
                                 (no amulet)
HPRegen 0.27/turn                (no ring)
MPRegen 0.10/turn                (no ring)

@: flying, lightly drained
A: no striking features
a: no special abilities


You were on level 2 of the Dungeon.
You visited 1 branch of the dungeon, and saw 2 of its levels.

You collected 100 gold pieces.

Inventory:

Hand Weapons
 f - a +0 scythe (weapon)
Armour
 c - a +0 chain mail (worn)
Jewellery
 e - a ring of wizardry
Wands
 d - a wand of light (4)


   Skills:
 + Level 3.8 Fighting
 + Level 3.4 Short Blades
 + Level 4.3 Armour
 + Level 0.5 Dodging
 + Level 0.1 Stealth
 + Level 3.8 Shields


You had 5 spell levels left.
You didn't know any spells.
Your spell library contained the following spells:

 Spells                   Type           Power      Damage    Failure   Level
 Sandblast                Erth           0%         2d4       99%         1
 Passwall                 Tmut/Erth      0%         N/A       100%        2
 Stone Arrow              Conj/Erth      0%         3d7       100%        3


Dungeon Overview and Level Annotations

Branches:
Dungeon (2/15)

Altars:

Shops:
D:1 (

Annotations:
D:2 Crazy Yiuf


Message History

The fungus is lightly damaged.
You slash the fungus!
The fungus is lightly damaged.
A nearby fungus withers and dies.
Found a hammer.
Found a runed translucent door.
Crazy Yiuf shouts!
Crazy Yiuf says, "Tosser!"
You open the door. You barely miss Crazy Yiuf.
Crazy Yiuf hits you with a +4 quarterstaff of chaos!
Crazy Yiuf burns you! Crazy Yiuf closely misses you.
Press: ? - help, v - describe, . - travel The floor.
As you read the scroll labelled BILEL ONIEN, it crumbles to dust.
The creatures around you are filled with an inner flame!
It was a scroll of immolation.
Crazy Yiuf hits you with a +4 quarterstaff of chaos!
You feel drained.
You aren't carrying any scrolls.
You feel very buoyant.
You fly up into the air.
Crazy Yiuf barely misses you. Crazy Yiuf attacks as you move away!
Crazy Yiuf hits you with a +4 quarterstaff of chaos!
* * * LOW HITPOINT WARNING * * *
You slash the fungus!
The fungus begins to die.
The fungus is lightly damaged.
Crazy Yiuf closely misses you.
Crazy Yiuf whimpers, "Tosser!
Prologue verde mobile."
Crazy Yiuf attacks as you move away! Crazy Yiuf completely misses you.
A nearby fungus withers and dies.
Crazy Yiuf grits, "Cod!"
Crazy Yiuf says, "Cards!"
Crazy Yiuf attacks as you move away! Crazy Yiuf hits you but does no damage.
You feel drained.
You hit Crazy Yiuf but do no damage.
Crazy Yiuf grits, "Snower snail poople!"
Crazy Yiuf hits you with a +4 quarterstaff of chaos!
* * * LOW HITPOINT WARNING * * *
Crazy Yiuf freezes you.
You die...

,,,,,,,,,,,,,,,****
****,,,,,******* ***,,****
**,,,,* ****,* ***** #.#*
,,,,******..##
***,,,<,,**..#
##############
*****#.**#.###@....##.....##
#.###.##.g............##
#......................#
##.##..................###
#.#..........<........#..
*#....####............#.#
#....# #..)[........#†# ####
#P...# #......>.......# ...#
#...## #.......>....#.#


You could see Crazy Yiuf (inner flame).

Vanquished Creatures
  Sigmund (D:2)
  2 adders (D:2)
  A worm (D:2)
  2 dart slugs
  3 endoplasms
  A giant cockroach (D:1)
  3 hobgoblins
  2 kobolds (D:1)
  A quokka (D:1)
  A ball python (D:1)
  5 bats
  3 goblins (D:1)
  5 rats
30 creatures vanquished.

Vanquished Creatures (others)
  2 fungi (D:2)
2 creatures vanquished.

Grand Total: 32 creatures vanquished

Notes
Turn   | Place    | Note
-------+----------+-------------------------------------------
     0 | D:1      | Citaku the Human Fighter began the quest for the Orb.
     0 | D:1      | Reached XP level 1. HP: 18/18 MP: 1/1
   125 | D:1      | Reached XP level 2. HP: 24/24 MP: 2/2
   157 | D:1      | Found Erikhux's Weapon Emporium.
   580 | D:1      | Reached XP level 3. HP: 29/29 MP: 3/3
   892 | D:1      | You fall into a shaft and drop 1 floor!
   904 | D:2      | Noticed Sigmund
   917 | D:2      | Killed Sigmund
   918 | D:2      | Reached skill level 4 in Armour
   918 | D:2      | Reached XP level 4. HP: 37/37 MP: 4/4
   918 | D:2      | Reached XP level 5. HP: 42/42 MP: 5/5
  1056 | D:2      | Reached XP level 6. HP: 47/48 MP: 6/6
  1357 | D:2      | Found a runed translucent door.
  1358 | D:2      | Noticed Crazy Yiuf
  1379 | D:2      | Slain by Crazy Yiuf

Illustrated notes

Levels and vault maps discovered:
D:1:      wander_arrival_peaceful_grave, layout_basic, serial_shops,
          nicolae_shop_hallway_plus, minmay_misc_feat_encased
D:2:      layout_rooms, uniq_sigmund, uniq_crazy_yiuf_cottage

Skill      XL: |  1  2  3 |
---------------+----------+-----
Short Blades   | 3 |  3.4
Armour         | 4 |  4.3
Fighting       | |  3.8
Dodging        | |  0.5
Stealth        | |  0.1
Shields        | |  3.8

Action                   |  1- 3 |  4- 6 || total
-------------------------+-------+-------++-------
Melee: Rapier            |    87 |       ||    87
       Halberd           |       |    40 ||    40
  Use: Potion            |     2 |     2 ||     4
       Scroll            |       |     3 ||     3
Armor: Scale mail        |    43 |       ||    43
       Chain mail        |       |    26 ||    26
Dodge: Dodged            |    50 |    15 ||    65
Block: Buckler           |    17 |       ||    17

Table legend: (Time is in decaauts)
 A = Elapsed time spent in this place.
 B = Non-inter-level travel time spent in this place.
 C = Inter-level travel time spent in this place.
 D = Time resting spent in this place.
 E = Time spent auto-exploring this place.
 F = Levels seen in this place.
 G = Mean time per level.
                   A        B        C        D        E       F      G
               +--------+--------+--------+--------+--------+-----+--------+
         Total |   1410 |   1410 |      0 |    206 |     50 |   2 |  705.0 |
       Dungeon |   1410 |   1410 |      0 |    206 |     50 |   2 |  705.0 |
               +--------+--------+--------+--------+--------+-----+--------+

Top non-repeatable levels by time:
     D:1: 903 daAuts
     D:2: 507 daAuts
